 Dungeon Crawl Stone Soup version 0.21.0-3-g78d12a8 (webtiles) character file.

1117 MTVSty1e the Cleaver (level 8, -5/58 HPs)
             Began as a Formicid Fighter on Jan 10, 2018.
             Was an Initiate of Okawaru.
             Slain by an orc warrior
             ... wielding a +0 battleaxe
              (7 damage)
             ... on level 6 of the Dungeon.
             The game lasted 00:10:19 (4835 turns).

MTVSty1e the Cleaver (Formicid Fighter)             Turns: 4835, Time: 00:10:19

Health: -5/58      AC: 12    Str: 23    XL:     8   Next: 60%
Magic:  8/8        EV:  2    Int: 15    God:    Okawaru [......]
Gold:   232        SH: 14    Dex: 10    Spells: 7/7 levels left

rFire    . . .     SeeInvis +   p - +6 mace of Zin's Supremacy {crush, *Noise rElec rPois Int+7}
rCold    . . .     Gourm    .   o - +0 large shield
rNeg     . . .     Faith    .   k - +0 plate armour
rPois    +         Spirit   .   (helmet unavailable)
rElec    +         Reflect  .   (no cloak)
rCorr    .         Harm     .   t - +0 pair of gloves
MR       .....                  (no boots)
Stlth    ..........             (no amulet)
HPRegen  0.19/turn              (no ring)
MPRegen  0.11/turn              (no ring)

@: no status effects
A: permanent stasis, dig shafts and tunnels, four strong arms, antennae 3
a: Dig, Shaft Self, Renounce Religion


You were on level 6 of the Dungeon.
You worshipped Okawaru.
Okawaru was noncommittal.
You were not hungry.

You visited 2 branches of the dungeon, and saw 7 of its levels.
You also visited: Sewer.

You collected 232 gold pieces.

Inventory:

Hand Weapons
 a - a +0 war axe
 p - the +6 mace of Zin's Supremacy (weapon) {crush, *Noise rElec rPois Int+7}
   (You found it on level 6 of the Dungeon)

   It inflicts extra damage upon your enemies.
   It affects your intelligence (+7).
   It insulates you from electricity.
   It protects you from poison.
   It may make noises in combat.
Armour
 b - a +0 scale mail
 c - a +0 shield
 k - a +0 plate armour (worn)
 o - a +0 large shield (worn)
 t - a +0 pair of gloves (worn)
Jewellery
 q - an uncursed ring of magical power {unknown}
Wands
 m - a wand of acid (6)
 r - a wand of scattershot (5)
Scrolls
 d - 2 scrolls of noise {unknown}
 h - 2 scrolls of enchant weapon {unknown}
 i - 3 scrolls of teleportation {unknown}
 j - 3 scrolls of remove curse {unknown}
 l - 6 scrolls of identify {unknown}
 u - a scroll of enchant armour {unknown}
Potions
 e - 3 potions of curing
 g - a potion of brilliance
 n - 4 potions of flight {unknown}
Comestibles
 f - 8 rations


   Skills:
 - Level 3.2 Fighting
 * Level 9.8 Axes
 - Level 3.2 Armour
 - Level 3.6 Shields


You had 7 spell levels left.
You didn't know any spells.

Dungeon Overview and Level Annotations

Branches:
Dungeon (6/15)             Temple (1/1) D:5

Altars:
Ashenzari
Cheibriados
Dithmenos
Elyvilon
Fedhas
Gozag
Hepliaklqana
Kikubaaqudgha
Makhleb
Okawaru
Qazlal
Ru
Sif Muna
Trog
Uskayaw
Vehumet
Xom
Zin


Innate Abilities, Weirdness & Mutations

You cannot be hasted, slowed, berserked, paralysed or teleported.
You can dig through walls and to a lower floor.
Your four strong arms can wield two-handed weapons with a shield.
You have a pair of large antennae on your head. (SInv)


Message History

* * * LOW HITPOINT WARNING * * *
You hit the orc warrior.
The orc warrior is almost dead.
The orc wizard points at you and mumbles some strange words.
The magic dart hits you!
The giant cockroach bites you but does no damage.
The orc priest mumbles some strange prayers to Beogh against you.
You struggle to resist.
You block the orc warrior's attack.
The orc wizard hits you but does no damage.
The giant cockroach bites you but does no damage.
You block the orc priest's attack.
You barely miss the orc warrior.
The orc warrior is almost dead.
The orc wizard gestures at you while chanting.
The puff of flame hits you!
* * * LOW HITPOINT WARNING * * *
You block the orc's attack.
The giant cockroach bites you but does no damage.
The orc warrior hits you with a battleaxe!
You die...

... ... .. ####'####
#.......#
#.......######
#.....so.....#
#.....o@.....#
#.....oo.....##
#.......##....#
#.......##....# .
#....†..##...## ..
#..)....##...##...
#.................
#..................#
#..................#


You could see an orc warrior, an orc priest, an orc wizard (invisible), an orc
and a giant cockroach.

Vanquished Creatures
  Sigmund (D:3)
  A phantom (D:6)
  A sky beast (D:5)
  Blork the orc (D:6)
  A big kobold (Sewer)
  A scorpion (D:4)
  A howler monkey (D:6)
  3 hounds (D:4)
  An orc wizard (D:6)
  Ijyb (D:5)
  3 iguanas
  3 worker ants (D:4)
  5 gnolls
  9 adders
  3 river rats
  An adder skeleton (D:4)
  A worm (D:4)
  2 dart slugs (D:1)
  2 leopard geckos (D:3)
  2 orcs (D:4)
  7 bats
  4 giant cockroaches
  9 hobgoblins
  7 jackals
  14 kobolds
  3 quokkas
  2 ball pythons (D:4)
  4 frilled lizards
  5 goblins
  A jackal skeleton (D:5)
  A jackal zombie (D:5)
  A quokka skeleton (D:5)
  8 rats
109 creatures vanquished.

Notes
Turn   | Place    | Note
-------+----------+-------------------------------------------
     0 | D:1      | MTVSty1e the Formicid Fighter began the quest for the Orb.
     0 | D:1      | Reached XP level 1. HP: 18/18 MP: 1/1
   134 | D:1      | Reached XP level 2. HP: 24/24 MP: 2/2
   365 | D:1      | Reached skill level 3 in Axes
   462 | D:1      | Reached XP level 3. HP: 25/29 MP: 3/3
   987 | D:2      | Reached skill level 4 in Axes
   987 | D:2      | Reached XP level 4. HP: 35/35 MP: 4/4
  1111 | D:2      | Found a sacrificial altar of Ru.
  1140 | D:2      | Found a hide-covered altar of Uskayaw.
  1688 | D:3      | Noticed Sigmund
  1717 | D:3      | Killed Sigmund
  1717 | D:3      | Reached skill level 6 in Axes
  1717 | D:3      | Reached XP level 5. HP: 12/41 MP: 5/5
  1717 | D:3      | Reached XP level 6. HP: 14/47 MP: 6/6
  2743 | D:3      | Reached XP level 7. HP: 52/52 MP: 7/7
  2930 | D:3      | Reached skill level 7 in Axes
  3075 | D:4      | Found a glowing drain.
  3095 | Sewer    | Entered a sewer
  3444 | Sewer    | Found a white marble altar of Elyvilon.
  3756 | D:4      | Reached skill level 8 in Axes
  3843 | D:4      | Reached XP level 8. HP: 48/58 MP: 8/8
  3879 | D:4      | Found a white marble altar of Elyvilon.
  4286 | D:5      | Entered Level 5 of the Dungeon
  4297 | D:5      | Noticed Ijyb
  4320 | D:5      | Killed Ijyb
  4320 | D:5      | Reached skill level 9 in Axes
  4377 | D:5      | Found a staircase to the Ecumenical Temple.
  4386 | Temple   | Entered the Ecumenical Temple
  4507 | Temple   | Became a worshipper of Warmaster Okawaru
  4734 | D:5      | Noticed Blork the orc
  4774 | D:6      | Killed Blork the orc
  4788 | D:6      | Got an ancient mace
  4789 | D:6      | Identified the +6 mace of Zin's Supremacy {crush, *Noise rElec rPois Int+7} (You found it on level 6 of the Dungeon)
  4835 | D:6      | HP: 2/58 [orc wizard/puff of flame (6)]
  4835 | D:6      | Slain by an orc warrior

Skill      XL: |  1  2  3  4  5  6  7  8 |
---------------+-------------------------+-----
Axes           | 3 4 6 8 9 |  9.8
Fighting       | |  3.2
Armour         | |  3.2
Shields        | |  3.6

Action                   |  1- 3 |  4- 6 |  7- 9 || total
-------------------------+-------+-------+-------++-------
Melee: War axe           |    92 |   146 |   218 ||   456
       Mace              |       |       |    19 ||    19
 Abil: Dig               |       |       |     5 ||     5
  Use: Potion            |       |     2 |     8 ||    10
       Scroll            |       |       |     4 ||     4
  Eat: Chunk             |       |     2 |       ||     2
       Ration            |       |     1 |     3 ||     4
Armor: Scale mail        |    23 |       |       ||    23
       Plate armour      |    57 |   105 |   133 ||   295
Dodge: Dodged            |    30 |    35 |    26 ||    91
Block: Shield            |    77 |    72 |    80 ||   229
       Large shield      |       |       |    87 ||    87
